Map: Golden Wall LE

Players

ShoWTimE

  • Race: Protoss Protoss
  • Spawn Location: 5:00

Ragnarok (SHIN) - Winner!

  • Race: Zerg Zerg
  • League: Diamond
  • Spawn Location: 7:00

Event: War Chest Team League

VOD

Have the link to the VOD?

Description

Time

  • Played on: Aug. 9, 2020, 5:54 a.m.
  • Length: 17:58
Show
View Real Time Build Order
Export as new Build Order

ShoWTimE Protoss 

Build Orders: 1 Gate Expand, Oracle Opening 

Get SALT Encoding   

  12  0:00  Probe  
  13  0:12  Probe  
  14  0:18  Pylon  
  14  0:24  Probe  
  15  0:36  Probe (Chrono Boost)  
  15  0:41  Gateway  
  16  0:47  Probe (Chrono Boost)  
  17  0:50  Assimilator  
  17  0:51  Probe (Chrono Boost)  
  18  1:03  Probe  
  19  1:15  Probe  
  20  1:26  Nexus  
  20  1:35  Cybernetics Core  
  20  1:37  Probe  
  21  1:45  Assimilator  
  21  1:49  Probe  
  22  1:54  Pylon  
  22  2:01  Probe  
  23  2:09  Adept (Chrono Boost)  
  23  2:13  Probe  
  26  2:20  Stargate  
  26  2:26  Probe  
  26  2:29  Adept (Chrono Boost)  
  27  2:35  Warp Gate  
  29  2:38  Probe (Chrono Boost)  
  29  2:43  Probe (Chrono Boost)  
  31  2:47  Probe (Chrono Boost)  
  33  2:51  Probe (Chrono Boost)  
  33  2:52  Probe (Chrono Boost)  
  34  3:02  Probe  
  34  3:04  Oracle (Chrono Boost), Probe  
  39  3:10  Gateway  
  39  3:14  Probe  
  39  3:16  Probe  
  41  3:26  Probe  
  40  3:28  Probe  
  39  3:34  Pylon  
  39  3:35  Adept  
  39  3:38  Oracle (Chrono Boost), Probe  
  45  3:45  Probe  
  46  3:52  Probe  
  47  3:57  Probe  
  48  4:03  Oracle (Chrono Boost)  
  48  4:05  Nexus  
  48  4:08  Probe  
  48  4:09  Probe  
  53  4:10  Pylon  
  53  4:14  Assimilator  
  53  4:15  Assimilator  
  53  4:20  Probe  
  54  4:25  Robotics Facility  
  54  4:27  Pylon  
  54  4:28  Probe  
  55  4:31  Gateway  
  55  4:32  Probe  
  56  4:39  Gateway  
  56  4:40  Probe  
  56  4:44  Probe  
  58  4:45  Sentry  
  58  4:46  Zealot  
  58  4:52  Probe  
  63  4:57  Probe  
  63  4:58  Forge  
  64  5:04  Probe  
  64  5:05  Pylon  
  65  5:09  Probe (Chrono Boost)  
  65  5:10  Observer  
  65  5:11  Twilight Council  
  66  5:19  Probe (Chrono Boost)  
  66  5:20  Shield Battery  
  66  5:21  Probe x2 (Chrono Boost), Protoss Ground Weapons Level 1 (Chrono Boost)  
  70  5:26  Sentry  
  73  5:28  Probe (Chrono Boost)  
  73  5:29  Gateway, Probe (Chrono Boost)  
  73  5:31  Probe (Chrono Boost)  
  73  5:32  Gateway  
  73  5:33  Probe (Chrono Boost)  
  76  5:35  Probe  
  76  5:41  Probe  
  78  5:43  Immortal  
  78  5:45  Probe  
  78  5:49  Probe  
  84  5:51  Charge  
  84  5:53  Assimilator, Probe  
  84  5:55  Sentry, Assimilator  
  87  6:02  Gateway, Probe  
  89  6:04  Probe  
  89  6:06  Gateway  
  89  6:09  Pylon  
  89  6:10  Pylon  
  89  6:14  Templar Archives, Probe  
  90  6:27  Warp Prism (Chrono Boost)  
  90  6:29  Zealot x4  
  100  6:35  Pylon  
  100  6:40  Photon Cannon  
  100  6:41  Photon Cannon  
  100  6:52  Gateway  
  100  6:53  Gateway  
  100  7:00  Zealot x4  
  104  7:02  Probe, Zealot x3  
  104  7:03  Probe  
  104  7:04  Probe  
  113  7:08  Immortal (Chrono Boost)  
  117  7:29  Pylon x2  
  109  7:32  Pylon  
  103  7:48  Zealot x7  
  117  7:52  Zealot x2  
  117  8:07  Zealot  
  117  8:09  Zealot x3  
  117  8:12  Zealot  
  125  8:15  Probe  
  125  8:18  Probe  
  114  8:28  Pylon  
  114  8:30  Pylon  
  114  8:32  Nexus  
  104  8:36  Zealot x4  
  104  8:40  High Templar x4  
  120  8:45  Probe  
  120  8:46  Probe  
  122  8:48  Archon x2  
  122  8:50  Protoss Ground Weapons Level 2 (Chrono Boost)  
  122  8:51  High Templar x2  
  126  8:58  Probe, Archon  
  127  9:03  High Templar x3  
  127  9:04  High Templar  
  127  9:07  Probe  
  127  9:08  Archon  
  127  9:09  Archon  
  136  9:11  Probe  
  137  9:19  Probe  
  137  9:23  Pylon, Probe  
  139  9:32  Zealot x2  
  133  9:46  Zealot x5  
  143  9:57  Immortal  
  145  10:01  Pylon  
  145  10:06  High Templar x2  
  145  10:07  High Templar  
  151  10:09  High Templar  
  151  10:13  Archon  
  147  10:24  Nexus  
  147  10:27  Zealot x4  
  155  10:30  Zealot  
  157  10:36  Immortal  
  155  10:47  Zealot x2  
  154  10:52  High Templar  
  154  10:56  Pylon  
  156  10:57  Pylon  
  156  10:59  Pylon  
  156  11:02  Protoss Ground Weapons Level 3 (Chrono Boost)  
  156  11:04  Photon Cannon x2  
  156  11:11  Pylon  
  156  11:14  High Templar  
  156  11:15  Pylon, Zealot x3  
  156  11:19  Archon  
  156  11:20  Zealot x2  
  156  11:22  Archon  
  156  11:25  Zealot x2  
  151  12:01  Zealot x7  
  157  12:06  Pylon, Nexus  
  159  12:15  Pylon  
  159  12:20  Nexus  
  159  12:22  Psionic Storm  
  157  12:27  Zealot x2  
  157  12:37  Probe x2  
  157  12:41  Zealot  
  161  12:46  High Templar x2  
  165  12:53  Archon  
  165  12:55  High Templar x2  
  165  12:56  High Templar  
  171  13:01  High Templar  
  173  13:11  Zealot x3  
  171  13:23  High Templar  
  169  13:32  Pylon  
  165  13:35  Zealot x3  
  165  13:36  Zealot x5  
  165  13:39  Immortal (Chrono Boost)  
  177  13:52  Cybernetics Core  
  175  13:59  Zealot x7  
  189  14:03  Assimilator  
  189  14:04  Probe x2  
  189  14:05  Probe x2  
  189  14:07  Assimilator  
  193  14:16  Probe  
  191  14:25  Protoss Shields Level 1 (Chrono Boost), Zealot x3  
  191  14:26  Zealot  
  199  14:36  Zealot x3  
  199  14:38  Stargate  
  193  14:49  Zealot x3  
  197  14:57  High Templar x4  
  197  14:58  Zealot x2  
  181  15:00  Immortal (Chrono Boost)  
  171  15:12  Zealot x3  
  167  15:19  Zealot x2  
  169  15:26  Oracle (Chrono Boost)  
  169  15:32  Immortal (Chrono Boost)  
  172  15:36  Zealot x7  
  140  15:51  High Templar x2  
  143  15:57  Zealot x4  
  151  16:06  Immortal (Chrono Boost)  
  151  16:10  High Templar x2  
  154  16:23  Nexus  
  150  16:31  Zealot x3  
  150  16:36  Dark Shrine  
  146  16:43  Zealot x2  
  146  16:44  Zealot  
  150  16:48  High Templar  
  150  16:51  High Templar  
  154  16:56  Archon, High Templar x2  
  154  16:59  Archon  
  158  17:01  Archon  
  158  17:07  High Templar  
  158  17:08  High Templar  
  156  17:11  Zealot  
  156  17:26  Zealot x2  
  136  17:43  Zealot x4  
Show
View Real Time Build Order
Export as new Build Order

Ragnarok Zerg - Winner!

Build Orders: Hatch First, Lurkers, Swarm Host 

Get SALT Encoding   

  12  0:00  Drone  
  13  0:12  Overlord  
  13  0:17  Drone  
  14  0:31  Drone x2  
  16  0:48  Hatchery  
  15  0:51  Drone  
  15  0:55  Drone  
  17  0:58  Drone  
  18  1:08  Extractor  
  17  1:14  Spawning Pool  
  17  1:17  Drone  
  17  1:20  Drone  
  18  1:30  Drone  
  19  1:38  Drone  
  20  1:50  Drone  
  21  2:00  Queen  
  21  2:01  Zergling x4, Queen  
  27  2:12  Overlord, Drone  
  28  2:32  Drone x2  
  28  2:35  Drone  
  31  2:37  Hatchery  
  31  2:43  Queen  
  32  2:48  Metabolic Boost  
  32  2:55  Overlord  
  32  2:58  Zergling x2  
  33  2:59  Zergling x2  
  33  3:04  Zergling x2  
  35  3:14  Drone x5  
  40  3:23  Drone x4  
  40  3:25  Drone  
  43  3:32  Spore Crawler  
  42  3:35  Drone  
  42  3:36  Drone  
  44  3:46  Overlord  
  44  3:50  Queen  
  44  3:51  Drone  
  44  3:52  Drone  
  44  3:53  Drone  
  49  3:56  Spore Crawler  
  49  3:59  Drone x2  
  50  4:06  Drone x4  
  54  4:11  Drone x2  
  54  4:13  Drone  
  54  4:14  Drone  
  58  4:19  Overlord  
  58  4:20  Spore Crawler  
  58  4:22  Drone  
  58  4:26  Lair  
  58  4:30  Overlord  
  58  4:37  Queen  
  60  4:38  Drone  
  60  4:39  Drone x3  
  60  4:41  Drone  
  60  4:45  Drone x2, Spore Crawler  
  66  4:49  Drone x3  
  66  4:52  Extractor  
  68  4:53  Extractor  
  68  4:56  Roach Warren, Drone  
  67  5:01  Extractor, Drone x2  
  67  5:02  Drone x2  
  67  5:03  Drone  
  67  5:07  Drone x3  
  71  5:10  Drone x3  
  71  5:13  Overlord  
  71  5:14  Drone  
  72  5:19  Overlord  
  72  5:22  Drone  
  72  5:23  Evolution Chamber, Drone  
  72  5:24  Drone  
  72  5:27  Overlord  
  74  5:30  Extractor  
  74  5:32  Extractor  
  74  5:33  Drone x2  
  74  5:34  Drone  
  75  5:36  Drone x4  
  75  5:40  Drone x3  
  75  5:42  Drone  
  82  5:48  Infestation Pit  
  82  5:49  Zerg Missile Weapons Level 1  
  81  5:53  Overlord  
  81  5:59  Overlord  
  81  6:00  Nydus Network, Overlord  
  80  6:07  Overlord, Hatchery  
  78  6:23  Swarm Host x5  
  78  6:24  Swarm Host  
  78  6:25  Swarm Host  
  98  6:30  Swarm Host x2  
  104  6:35  Swarm Host x3  
  104  6:38  Swarm Host  
  115  6:45  Overlord  
  115  6:49  Nydus Canal  
  115  6:52  Roach x4  
  115  6:53  Roach x2  
  126  6:56  Drone  
  126  6:57  Drone x2  
  124  7:03  Roach x3  
  127  7:10  Roach x3  
  133  7:15  Nydus Canal  
  133  7:19  Roach x4  
  133  7:22  Overlord  
  141  7:25  Ravager  
  141  7:26  Ravager x2  
  141  7:28  Roach  
  143  7:37  Roach x3  
  141  7:42  Drone x5  
  146  7:46  Drone  
  146  7:47  Drone  
  146  7:48  Drone x3  
  151  7:52  Zerg Missile Weapons Level 2  
  151  7:55  Overlord  
  151  7:58  Roach  
  149  8:03  Overlord  
  147  8:09  Roach x2  
  147  8:11  Nydus Canal  
  151  8:14  Roach x3  
  157  8:24  Drone x2  
  156  8:27  Swarm Host x4, Hydralisk Den  
  156  8:31  Swarm Host  
  161  8:35  Swarm Host  
  161  8:37  Roach  
  161  8:38  Roach  
  153  8:43  Glial Reconstitution  
  153  8:44  Drone  
  153  8:45  Drone x2  
  153  8:49  Swarm Host  
  153  8:51  Overlord  
  153  8:53  Roach x3  
  162  8:57  Queen, Overlord  
  162  8:59  Overlord  
  162  9:00  Zergling x2, Roach x2  
  167  9:06  Grooved Spines  
  167  9:08  Spore Crawler  
  167  9:09  Extractor  
  163  9:12  Nydus Canal  
  163  9:20  Roach x8  
  178  9:24  Overlord  
  174  9:41  Drone  
  174  9:42  Drone  
  176  9:50  Lurker Den, Drone  
  176  9:52  Extractor  
  175  9:53  Nydus Canal  
  175  9:55  Overlord, Hydralisk x3  
  175  9:56  Hydralisk x5  
  191  10:03  Drone  
  191  10:05  Hive  
  192  10:08  Nydus Canal  
  190  10:15  Drone  
  190  10:20  Hydralisk x6  
  193  10:28  Hatchery, Hydralisk x3  
  198  10:36  Muscular Augments  
  198  10:38  Hydralisk  
  200  10:45  Nydus Canal  
  200  10:59  Zerg Ground Armor Level 1  
  200  11:03  Nydus Canal  
  200  11:10  Roach x2  
  198  11:17  Overlord x3  
  195  11:22  Overlord  
  195  11:31  Overlord  
  195  11:39  Hatchery  
  182  11:40  Seismic Spines  
  182  11:43  Hydralisk x13  
  198  11:49  Drone x2  
  198  11:55  Drone x2  
  200  12:01  Extractor  
  200  12:03  Extractor  
  200  12:08  Roach x7  
  189  12:16  Roach x5  
  187  12:35  Lurker x3  
  187  12:36  Lurker x2  
  189  12:38  Adaptive Talons  
  189  12:46  Nydus Canal  
  189  12:50  Drone x3  
  189  12:51  Drone  
  193  12:56  Lurker x3  
  196  13:00  Drone  
  196  13:01  Extractor  
  196  13:02  Hatchery  
  195  13:14  Hydralisk x2  
  195  13:18  Nydus Canal  
  195  13:19  Drone  
  198  13:29  Spine Crawler, Drone x2  
  198  13:30  Zerg Missile Weapons Level 3, Spine Crawler  
  198  13:33  Hatchery  
  197  13:41  Overseer  
  193  13:52  Lurker x5  
  193  13:53  Lurker  
  179  13:57  Drone x4  
  179  13:58  Drone x4  
  175  14:07  Lurker x2  
  175  14:08  Drone x5  
  182  14:13  Hydralisk x4  
  190  14:21  Roach x2, Hydralisk  
  190  14:22  Roach x2  
  183  14:31  Drone x2  
  183  14:32  Drone x4  
  183  14:38  Hydralisk x6  
  199  14:52  Roach x6  
  199  14:55  Roach x3  
  186  15:04  Roach x6  
  195  15:10  Roach  
  195  15:11  Roach x3  
  198  15:23  Roach  
  198  15:27  Hatchery  
  193  15:36  Hydralisk x4  
  193  15:42  Overseer, Hydralisk x5  
  192  15:46  Roach  
  187  15:55  Roach x5  
  189  16:06  Hydralisk x4  
  193  16:37  Lurker x6  
  193  16:38  Lurker  
  193  16:39  Hatchery  
  199  16:47  Overseer  
  199  16:48  Overseer  
  197  17:05  Drone x2, Spore Crawler  
  197  17:06  Drone, Spine Crawler  
  197  17:07  Spine Crawler  
  197  17:10  Drone x2  
Tags
 
Add a new tag
Caveats
  • Supply blocks, unpowered buildings, or Contaminate may cause inaccurate times.
  • Supply counts are checked every 10 seconds.